 Dungeon Crawl Stone Soup version 0.19.4 (webtiles) character file.

61 LORDOFBUTT the Sneak (level 3, 0/16 HPs)
             Began as a Spriggan Enchanter on Feb 4, 2017.
             Slain by an orc
             ... wielding a +0 mace
              (6 damage)
             ... on level 2 of the Dungeon.
             The game lasted 00:02:45 (1672 turns).

LORDOFBUTT the Sneak (Spriggan Enchanter)           Turns: 1672, Time: 00:02:45

Health: 0/16       AC:  3    Str:  5    XL:     3   Next: 83%
Magic:  2/9        EV: 18    Int: 16    God:
Gold:   109        SH:  0    Dex: 16    Spells: 3 memorised, 3 levels left

rFire  . . .     SeeInvis +     h - +2 dagger (venom)
rCold  . . .     Gourm    .     b - +1 robe
rNeg   . . .     Faith    .     (shield restricted)
rPois  .         Spirit   .     (helmet restricted)
rElec  .         Reflect  .     (no cloak)
rCorr  .         Harm     .     (gloves unavailable)
MR     .....                    (boots unavailable)
Stlth  +++.......               (no amulet)
                                (no ring)
                                (no ring)

@: very quick
A: unfitting armour, see invisible, herbivore 3, speed 3, slow metabolism 2
a: no special abilities


You were on level 2 of the Dungeon.
You were not hungry.

You visited 1 branch of the dungeon, and saw 3 of its levels.

You collected 109 gold pieces.

Inventory:

Hand Weapons
 h - a +2 dagger of venom (weapon)
Armour
 b - a +1 robe (worn)
Scrolls
 e - a scroll of fog
 k - a scroll of amnesia {unknown}
 l - a scroll of enchant weapon {unknown}
Potions
 a - a potion of brilliance {unknown}
 f - 3 potions of magic
 g - 3 potions of mutation
 j - a potion of curing
Books
 c - a book of Maledictions

   Spells                             Type                      Level
   a - Corona                         Hexes                        1
   b - Ensorcelled Hibernation        Hexes/Ice                    2
   c - Confuse                        Hexes                        3
   d - Tukima's Dance                 Hexes                        3
   e - Dazzling Spray                 Conjuration/Hexes            3
Comestibles
 d - a bread ration
 i - a slice of pizza


   Skills:
 + Level 1.7 Short Blades
 - Level 3.0 Dodging
 + Level 4.9 Stealth
 * Level 3.7 Spellcasting
 * Level 4.6 Hexes


You had 3 spell levels left.
You knew the following spells:

 Your Spells              Type           Power        Failure   Level  Hunger
a - Corona                Hex            ###....      2%          1    None
b - Ensorcelled Hibernat  Hex/Ice        ##....       12%         2    ##.....
c - Confuse               Hex            ###.....     10%         3    ###....


Dungeon Overview and Level Annotations

Branches:
Dungeon (3/15)

Altars:

Annotations:
D:3 blobert's ghost, amateur MfGl


Innate Abilities, Weirdness & Mutations

You are very small and have problems with some larger weapons.
You are too small for most types of armour.
You have supernaturally acute eyesight. (SInv)
You are a herbivore.
You cover ground extremely quickly.
You need consume almost no food.


Message History

Aiming: Ensorcelled Hibernation
Press: ? - help, Shift-Dir - straight line, f/p - orc
Aim: an orc, wearing a chain mail (chance to defeat MR: 59%)
The orc looks drowsy...
The orc hits you with a mace. The orc closely misses you.
The orc shouts!
You barely miss the orc. The orc barely misses you.
You barely miss the orc. The orc misses you.
You hit the orc but do no damage.
The orc is poisoned.
The orc misses you. The orc barely misses you.
You see here a jackal skeleton.
You hit the orc but do no damage.
The orc looks even sicker.
The orc is almost dead.
The orc misses you.
You hit the orc.
You kill the orc!
You hit the orc but do no damage.
The orc is poisoned.
The orc hits you with a mace.
You die...

####..####.# #.##.# #...# #.##
#.##.# #.#.###..###.##.#
####.#..###........#
..##.##..#####..#..#
..##.###...####.#..# ..##.#
###...#.....#
#....####..........#
####............@..#########
########........o..##......##
..## #............÷.......##
...#####.....÷÷...(..........#
#............#.w.#...........#
..(........###.###...........#
....####...###.###...........#
....# #.....................#
....######.w...<.(.#........##


You could see a worm and an orc.

Vanquished Creatures
  An ooze (D:1)
  2 dart slugs
  2 leopard geckos (D:2)
  5 orcs (D:2)
  A giant cockroach (D:1)
  3 goblins
  5 hobgoblins
  4 jackals (D:2)
  4 bats
  3 frilled lizards
  9 kobolds
  5 rats
44 creatures vanquished.

Notes
Turn   | Place    | Note
-------+----------+-------------------------------------------
     0 | D:1      | LORDOFBUTT the Spriggan Enchanter began the quest for the Orb.
     0 | D:1      | Reached XP level 1. HP: 9/9 MP: 5/5
   271 | D:1      | Reached XP level 2. HP: 13/13 MP: 7/7
   810 | D:2      | Reached XP level 3. HP: 12/16 MP: 8/8
  1112 | D:2      | Learned a level 2 spell: Ensorcelled Hibernation
  1533 | D:2      | Learned a level 3 spell: Confuse
  1565 | D:3      | Noticed blobert's ghost (amateur MfGl)
  1672 | D:2      | Slain by an orc

Skill      XL: |  1  2 |
---------------+-------+-----
Spellcasting   | 3 |  3.7
Hexes          | 4 |  4.6
Short Blades   | |  1.7
Dodging        | |  3.0
Stealth        | |  4.9

Action                   || total
-------------------------++-------
Melee: Dagger            ||   177
 Cast: Confuse           ||     3
       Ensorcelled Hiber ||     3
  Use: Scroll            ||     4
 Stab: Sleeping          ||    13
Armor: Robe              ||    27
Dodge: Dodged            ||   158
